 Dungeon Crawl Stone Soup version 0.19.0-2-gae57169 (webtiles) character file.

971 lorenzova the Thaumaturge (level 7, -5/36 HPs)
             Began as a Deep Elf Conjurer on Nov 5, 2016.
             Slain by a worker ant (7 damage)
             ... on level 5 of the Dungeon.
             The game lasted 00:11:12 (6548 turns).

lorenzova the Thaumaturge (Deep Elf Conjurer)       Turns: 6548, Time: 00:11:12

Health: -5/36      AC:  3    Str:  5    XL:     7   Next: 94%
Magic:  3/20       EV: 13    Int: 22    God:
Gold:   297        SH:  4    Dex: 15    Spells: 3 memorised, 12 levels left

rFire  x . .     SeeInvis .     i - -1 dagger (curse)
rCold  + . .     Gourm    .     a - +0 robe
rNeg   . . .     Faith    .     (no shield)
rPois  .         Spirit   .     w - +0 helmet
rElec  .         Reflect  +     (no cloak)
rCorr  .         Harm     .     (no gloves)
MR     .....                    (no boots)
Stlth  ++........               k - +4 amulet of reflection
                                (no ring)
                                g - ring of ice

@: no status effects
A: no striking features
a: no special abilities


You were on level 5 of the Dungeon.
You were very hungry.

You visited 1 branch of the dungeon, and saw 5 of its levels.
You also visited: Sewer.

You collected 297 gold pieces.

Inventory:

Hand Weapons
 i - a cursed -1 dagger (weapon)
Armour
 a - a +0 robe (worn)
 w - a +0 helmet (worn)
Jewellery
 g - a ring of ice (left hand)
 k - a +4 amulet of reflection (around neck)
 D - an uncursed amulet of harm {unknown}
 E - an uncursed ring of positive energy {unknown}
Wands
 y - a wand of enslavement (12/24)
 B - a wand of polymorph (3/24)
Scrolls
 d - 2 scrolls of fear {unknown}
 f - 2 scrolls of remove curse
 h - 2 scrolls of magic mapping {unknown}
 n - a scroll of blinking {unknown}
 q - 2 scrolls of fog {unknown}
 r - a scroll of noise {unknown}
 t - a scroll of vulnerability {unknown}
 u - 4 scrolls of enchant weapon {unknown}
 v - a scroll of recharging {unknown}
 x - 4 scrolls of teleportation {unknown}
 C - 2 scrolls of identify
Potions
 e - a potion of invisibility
 l - a potion of heal wounds
 m - a potion of curing
 o - 2 potions of haste
 p - a potion of agility
 z - a potion of flight
 A - 3 potions of degeneration {unknown}
Books
 b - a book of Conjurations

   Spells                             Type                      Level
   a - Magic Dart                     Conjuration                  1
   b - Searing Ray                    Conjuration                  2
   c - Dazzling Spray                 Conjuration/Hexes            3
   d - Fulminant Prism                Conjuration/Hexes            4
   e - Iskenderun's Mystic Blast      Conjuration                  4
   f - Iskenderun's Battlesphere      Conjuration/Charms           5
Comestibles
 c - 4 bread rations
 j - 5 meat rations
 s - a beef jerky


   Skills:
 - Level 2.4 Dodging
 - Level 2.4 Stealth
 * Level 8.4 Spellcasting
 * Level 8.0 Conjurations
 + Level 4.1 Charms


You had 12 spell levels left.
You knew the following spells:

 Your Spells              Type           Power        Failure   Level  Hunger
a - Magic Dart            Conj           ####         1%          1    None
b - Iskenderun's Battles  Conj/Chrm      #####...     17%         5    #####..
c - Iskenderun's Mystic   Conj           #####...     2%          4    ###....


Dungeon Overview and Level Annotations

Branches:
Dungeon (5/15)
 Temple: D:4-7

Altars:
Cheibriados
Dithmenos
Fedhas
Nemelex Xobeh
Okawaru
Sif Muna


Message History

Casting: Magic Dart
Confirm with . or Enter, or press ? or * to list all spells.
Aiming: Magic Dart
Press: ? - help, Shift-Dir - straight line, f/p - worker ant
Aim: a worker ant (severely wounded)
The magic dart hits the worker ant.
The worker ant is severely wounded.
The worker ant bites you.
* * * LOW HITPOINT WARNING * * *
Casting: Magic Dart
Confirm with . or Enter, or press ? or * to list all spells.
Aiming: Magic Dart
Press: ? - help, Shift-Dir - straight line, f/p - worker ant
Aim: a worker ant (severely wounded)
The magic dart hits the worker ant.
The worker ant is severely wounded.
The worker ant bites you!
* * * LOW HITPOINT WARNING * * *
The worker ant bites you!
You die...

...##).####.....#
.......##.##....#...#
.......>.>.....#..###
.......#..†......##
#.(.#............#
................##
................###
#.................#
...)...@........#.#.
..$%....a........?...
#..............#.##..
#........(.#####.#
...#
.........(.......$
..#
#.................#
.#
###..#.##..........
$..... .........
#.###..###......


You could see a worker ant.

Vanquished Creatures
  Grinder (D:4)
  A phantom (D:4)
  An ogre (D:3)
  A centaur (D:5)
  2 hounds
  An orc wizard (D:4)
  Natasha (thrice) (D:4)
  A worker ant (D:4)
  7 gnolls
  10 adders
  6 oozes
  8 worms
  4 dart slugs
  4 leopard geckos
  6 orcs
  4 ball pythons
  10 bats
  6 giant cockroaches
  4 goblins
  8 hobgoblins
  18 jackals
  A quokka (D:2)
  8 frilled lizards
  A jackal zombie (D:5)
  8 kobolds
  A leopard gecko skeleton (D:4)
  A leopard gecko zombie (D:5)
  9 rats
135 creatures vanquished.

Notes
Turn   | Place    | Note
-------+----------+-------------------------------------------
     0 | D:1      | lorenzova the Deep Elf Conjurer began the quest for the Orb.
     0 | D:1      | Reached XP level 1. HP: 10/10 MP: 6/6
   330 | D:1      | Reached XP level 2. HP: 15/15 MP: 5/8
  1163 | D:2      | Reached XP level 3. HP: 19/19 MP: 7/10
  1291 | D:2      | Reached skill level 5 in Conjurations
  1683 | D:2      | Found an iron altar of Okawaru.
  2009 | D:2      | Found a deep blue altar of Sif Muna.
  2070 | D:2      | Reached XP level 4. HP: 24/24 MP: 5/12
  2073 | D:2      | Reached skill level 5 in Spellcasting
  3058 | D:3      | Found a shadowy altar of Dithmenos.
  3068 | D:3      | Found a sparkling altar of Nemelex Xobeh.
  3071 | D:3      | Found a blossoming altar of Fedhas.
  3109 | D:3      | Reached XP level 5. HP: 28/28 MP: 11/15
  3141 | D:3      | Found a snail-covered altar of Cheibriados.
  3594 | D:3      | Noticed an ogre
  3609 | D:3      | Killed an ogre
  3771 | D:3      | Learned a level 4 spell: Iskenderun's Mystic Blast
  3786 | D:4      | Reached XP level 6. HP: 28/32 MP: 11/17
  3793 | D:4      | Learned a level 5 spell: Iskenderun's Battlesphere
  3856 | D:4      | Noticed Natasha
  3863 | D:4      | Killed Natasha
  3976 | D:4      | Noticed Natasha
  3985 | D:4      | Killed Natasha
  4120 | D:4      | Noticed Natasha
  4125 | D:4      | HP: 1/32 [Natasha/magic dart (7)]
  4329 | D:4      | Reached skill level 1 in Charms
  4388 | D:4      | Found a glowing drain.
  4530 | Sewer    | Entered a sewer
  5580 | D:4      | Reached XP level 7. HP: 36/36 MP: 12/19
  5605 | D:4      | Killed Natasha
  5929 | D:4      | Noticed Grinder
  5946 | D:4      | Killed Grinder
  6387 | D:5      | Entered Level 5 of the Dungeon
  6548 | D:5      | Slain by a worker ant

Skill      XL: |  1  2  3  4  5  6  7 |
---------------+----------------------+-----
Spellcasting   | 4 5 6 7 8 |  8.4
Conjurations   | 5 6 7 8 |  8.0
Charms         | 2 4 |  4.1
Dodging        | |  2.4
Stealth        | |  2.4

Action                   |  1- 3 |  4- 6 |  7- 9 || total
-------------------------+-------+-------+-------++-------
Melee: Dagger            |       |     4 |     1 ||     5
 Cast: Magic Dart        |    88 |   214 |    70 ||   372
       Iskenderun's Myst |       |     6 |     5 ||    11
  Use: Scroll            |       |     5 |       ||     5
       Potion            |       |     2 |       ||     2
  Eat: Chunk             |     2 |     5 |     3 ||    10
       Meat ration       |       |     1 |       ||     1
       Royal jelly       |       |     1 |       ||     1
Armor: Robe              |       |    13 |     3 ||    16
Dodge: Dodged            |     6 |    64 |    17 ||    87
Block: Other             |       |    11 |     2 ||    13
